 Dungeon Crawl Stone Soup version 0.21.1-1-g345015f (webtiles) character file.

5510 lotte the Cleaver (level 10, -1/99 HPs)
             Began as a Deep Dwarf Berserker on June 24, 2018.
             Was a Priest of Trog.
             Slain by a killer bee (8 damage)
             ... on level 9 of the Dungeon.
             The game lasted 01:35:52 (9944 turns).

lotte the Cleaver (Deep Dwarf Berserker)            Turns: 9944, Time: 01:35:52

Health: -1/99      AC: 16    Str: 23    XL:     10   Next: 43%
Magic:  9/9        EV:  8    Int:  9    God:    Trog [***...]
Gold:   351        SH:  0    Dex: 12    Spells: 9/9 levels left

rFire    . . .     SeeInvis .   T - +1 battleaxe (freeze)
rCold    . . .     Gourm    .   (shield currently unavailable)
rNeg     + . .     Faith    .   Y - +1 plate armour
rPois    .         Spirit   .   L - +0 helmet
rElec    .         Reflect  .   s - scarf {repulsion}
rCorr    .         Harm     .   (no gloves)
MR       ++++.                  (no boots)
Stlth    ..........             (no amulet)
HPRegen  1.00/turn              j - ring of protection from magic
MPRegen  0.11/turn              o - ring of positive energy

@: lethally poisoned (-1 -> -1), berserk cooldown, very slightly contaminated,
non-regenerating, slowed, repel missiles, very slow
A: damage resistance, heal wounds, sense surroundings 2, no regeneration
a: Heal Wounds, Berserk, Trog's Hand, Burn Spellbooks, Renounce Religion


You were on level 9 of the Dungeon.
You worshipped Trog.
Trog was most pleased with you.
You were not hungry.

You visited 1 branch of the dungeon, and saw 9 of its levels.

You collected 351 gold pieces.

Inventory:

Hand Weapons
 a - a +0 broad axe
 e - a cursed +0 dagger
 h - a cursed -3 hunting sling
 T - a +1 battleaxe of freezing (weapon)
Armour
 d - a +0 troll leather armour
 r - a scarf of cloud immunity
 s - a scarf of repulsion (worn)
 D - a +0 buckler
 G - a +2 scale mail of poison resistance
 L - a +0 helmet (worn)
 Y - a +1 plate armour (worn)
Magical Staves
 b - an uncursed staff of energy {unknown}
Jewellery
 j - a ring of protection from magic (left hand)
 o - a ring of positive energy (right hand)
 q - an uncursed ring of protection from cold
 w - an uncursed ring of wizardry
 y - a cursed ring of teleportation {unknown}
 H - an uncursed ring of resist corrosion {unknown}
 N - an uncursed ring of see invisible {unknown}
Wands
 P - a wand of flame (22)
 W - a wand of acid (3)
 X - a wand of digging (8)
Scrolls
 f - 3 scrolls of teleportation {unknown}
 g - 2 scrolls of identify
 i - a scroll of fog {unknown}
 k - a scroll of amnesia
 l - a scroll of blinking
 m - 2 scrolls of immolation {unknown}
 t - 3 scrolls of enchant weapon {unknown}
 u - a scroll of vulnerability {unknown}
 A - a scroll of remove curse
 B - a scroll of noise
 K - a scroll of magic mapping {unknown}
 M - a scroll of fear {unknown}
 Q - a scroll of enchant armour
 U - a scroll of random uselessness {unknown}
Potions
 n - a potion of lignification {unknown}
 p - a potion of curing
 z - a potion of brilliance {unknown}
 C - a potion of heal wounds {unknown}
 E - 2 potions of magic {unknown}
 F - a potion of flight {unknown}
 I - a potion of mutation {unknown}
 J - a potion of berserk rage {unknown}
 O - 2 potions of degeneration {unknown}
 R - a potion of agility
Comestibles
 c - 14 rations


   Skills:
 * Level 9.0 Fighting
 + Level 11.7 Axes
 + Level 8.0 Armour
 - Level 2.1 Dodging


You had 9 spell levels left.
You didn't know any spells.

Dungeon Overview and Level Annotations

Branches:
Dungeon (9/15)             Temple (0/1) D:5
   Lair: D:8-11         Orc: D:9-12

Altars:
Ashenzari
Elyvilon
Fedhas
Makhleb
Nemelex Xobeh
Okawaru
Qazlal
Ru
Trog
Vehumet
Yredelemnul
The Shining One

Annotations:
D:8 4 runed doors


Innate Abilities, Weirdness & Mutations

You are resistant to damage.
You can heal yourself by infusing magical energy.
You passively map the area around you.
You do not regenerate.


Message History

* * * LOW HITPOINT WARNING * * *
Unknown command.
Unknown command.
Press: ? - help, v - describe, . - travel
Here: a killer bee (berserk, fast, unusually strong)
An open door.
Unknown command.
You feel better. The killer bee stings you. The killer bee stings you!
* * * LOW HITPOINT WARNING * * *
The killer bee stings you but does no damage. x2
The killer bee barely misses you.
Your skin crawls.
You feel resistant to hostile enchantments.
You feel somewhat more hungry. The killer bee stings you!
* * * LOW HITPOINT WARNING * * *
You are poisoned.
The killer bee poisons you! The killer bee barely misses you.
The killer bee rages.
The killer bee barely misses you. The killer bee stings you!
You die...

#.......†##...'....
#........'..###....
#........#### #....
#######'## ###'#
##.# #.# ####..#
### #....## #
##.#### #@.# #
####y######### #
#..yyy.......# #
#...y.y......#####
#............'...#
#
#.......y....###.#
# ##########§###
.#### #.# ...'. #y#
####.


You could see a queen bee and 6 killer bees.

Vanquished Creatures
  A two-headed ogre (D:8)
  Psyche (D:8)
  A troll (D:9)
  3 hippogriffs
  Grinder (D:6)
  A hungry ghost (D:7)
  2 orc warriors (D:8)
  2 ice beasts
  3 phantoms
  5 ogres
  3 centaurs
  A big kobold (D:8)
  Blork the orc (D:5)
  2 bullfrogs
  8 killer bees
  A scorpion (D:9)
  3 wights (D:8)
  A howler monkey (D:4)
  3 crimson imps
  A centaur skeleton (D:6)
  4 hounds
  2 jellies
  5 orc priests
  A bullfrog skeleton (D:4)
  4 iguanas
  Natasha (thrice) (D:3)
  3 orc wizards
  6 worker ants
  A killer bee zombie (D:5)
  A hound zombie (D:8)
  A hound skeleton (D:8)
  2 worker ant zombies
  A howler monkey skeleton (D:5)
  11 gnolls
  15 adders
  4 shadow imps
  2 oozes
  8 worms
  3 dart slugs
  3 leopard geckos
  24 orcs
  7 bats
  3 giant cockroaches
  10 goblins
  8 hobgoblins
  7 jackals (D:2)
  7 quokkas
  6 frilled lizards
  3 hobgoblin zombies (D:5)
  7 kobolds
  2 kobold skeletons (D:5)
  2 kobold zombies (D:5)
  A leopard gecko zombie (D:8)
  2 orc zombies (D:5)
  A quokka skeleton (D:4)
  20 rats
234 creatures vanquished.

Notes
Turn   | Place    | Note
-------+----------+-------------------------------------------
     0 | D:1      | lotte the Deep Dwarf Berserker began the quest for the Orb.
     0 | D:1      | Reached XP level 1. HP: 20/20 MP: 1/1
   358 | D:1      | Reached XP level 2. HP: 28/28 MP: 1/1
  1185 | D:1      | You fall through a shaft!
  1191 | D:2      | Reached XP level 3. HP: 34/34 MP: 2/2
  1197 | D:2      | Reached ** piety under Trog
  1365 | D:2      | Reached skill level 4 in Axes
  1438 | D:2      | Found a white marble altar of Elyvilon.
  1688 | D:2      | Reached XP level 4. HP: 38/42 MP: 3/3
  1690 | D:2      | Found an iron altar of Okawaru.
  1692 | D:2      | Found a radiant altar of Vehumet.
  1707 | D:2      | Found a burning altar of Makhleb.
  2101 | D:3      | Found a basalt altar of Yredelemnul.
  2104 | D:3      | Noticed Natasha
  2141 | D:3      | Killed Natasha
  2175 | D:3      | Paralysed by fainting for 7 turns
  2198 | D:3      | Noticed Natasha
  2208 | D:3      | Killed Natasha
  2269 | D:3      | Reached XP level 5. HP: 45/50 MP: 4/4
  2416 | D:3      | Reached skill level 5 in Axes
  2572 | D:3      | Found a sacrificial altar of Ru.
  2805 | D:3      | Noticed Natasha
  2828 | D:3      | Killed Natasha
  3322 | D:4      | Reached XP level 6. HP: 46/57 MP: 5/5
  3555 | D:4      | Reached *** piety under Trog
  4391 | D:4      | Reached skill level 6 in Axes
  5159 | D:4      | Reached XP level 7. HP: 44/66 MP: 6/6
  5338 | D:5      | Entered Level 5 of the Dungeon
  5338 | D:5      | Found a staircase to the Ecumenical Temple.
  5580 | D:5      | Found a glowing golden altar of the Shining One.
  5625 | D:5      | Reached skill level 5 in Fighting
  5692 | D:5      | Found a shattered altar of Ashenzari.
  5839 | D:5      | Noticed Blork the orc
  5849 | D:5      | Killed Blork the orc
  5936 | D:5      | Found a sparkling altar of Nemelex Xobeh.
  6172 | D:6      | Reached skill level 7 in Axes
  6413 | D:6      | Reached skill level 5 in Armour
  6501 | D:6      | Found a stormy altar of Qazlal.
  6644 | D:6      | Noticed Grinder
  6662 | D:6      | Killed Grinder
  6662 | D:6      | Reached XP level 8. HP: 76/76 MP: 7/7
  6707 | D:6      | Reached skill level 8 in Axes
  6710 | D:6      | Found a glowing drain.
  7566 | D:7      | Reached skill level 9 in Axes
  7630 | D:7      | Noticed a hippogriff
  7640 | D:7      | Killed a hippogriff
  7640 | D:7      | Gained mutation: You passively map the area around you. [Deep Dwarf growth]
  7640 | D:7      | Reached XP level 9. HP: 85/85 MP: 8/8
  7952 | D:7      | Found a blossoming altar of Fedhas.
  8237 | D:8      | Noticed Psyche
  8246 | D:8      | Killed Psyche
  8418 | D:8      | Reached skill level 10 in Axes
  8435 | D:8      | Noticed a polar bear
  8437 | D:8      | Found a huge runed gate.
  8438 | D:8      | Noticed a polar bear
  8438 | D:8      | Noticed a polar bear
  8438 | D:8      | Noticed a polar bear
  8439 | D:8      | Found a huge runed gate.
  8442 | D:8      | Found a huge runed gate.
  8443 | D:8      | Noticed a polar bear
  8446 | D:8      | Found a huge runed gate.
  8447 | D:8      | Noticed a manticore
  9039 | D:8      | Reached XP level 10. HP: 76/97 MP: 9/9
  9094 | D:8      | Noticed a two-headed ogre
  9102 | D:8      | Killed a two-headed ogre
  9102 | D:8      | Reached skill level 11 in Axes
  9554 | D:9      | Noticed a moth of wrath
  9556 | D:9      | Found a bloodstained altar of Trog.
  9940 | D:9      | HP: 2/99 [poisoned by a killer bee]
  9944 | D:9      | Slain by a killer bee

Skill      XL: |  1  2  3  4  5  6  7  8  9 10 |
---------------+-------------------------------+-----
Fighting       | 3 4 5 6 8 9 |  9.0
Axes           | 4 5 6 7 9 10 11 | 11.7
Armour         | 3 4 5 6 7 8 |  8.0
Dodging        | |  2.1

Action                   |  1- 3 |  4- 6 |  7- 9 | 10-12 || total
-------------------------+-------+-------+-------+-------++-------
Melee: Hand axe          |   183 |   139 |       |       ||   322
       War axe           |       |    93 |   311 |       ||   404
       Battleaxe         |       |       |    94 |    72 ||   166
Invok: Trog's Hand       |       |     8 |    19 |     6 ||    33
       Berserk           |       |     4 |    10 |     4 ||    18
 Abil: Heal Wounds       |     1 |       |       |     1 ||     2
  Use: Scroll            |       |     2 |     5 |     3 ||    10
       Potion            |       |     1 |       |     2 ||     3
 Stab: Paralysed         |       |     1 |       |       ||     1
  Eat: Chunk             |     2 |     3 |    11 |     3 ||    19
       Ration            |       |     4 |     7 |     2 ||    13
Armor: Ring mail         |    12 |       |       |       ||    12
       Scale mail        |    70 |    96 |   160 |       ||   326
       Plate armour      |       |       |    21 |    87 ||   108
Dodge: Dodged            |   111 |   151 |   233 |    55 ||   550
       Deflected         |       |       |     5 |       ||     5
Block: Buckler           |       |     5 |    38 |       ||    43
